 Dungeon Crawl Stone Soup version 0.21.1-1-g345015f (webtiles) character file.

4505 shakethe the Cleaver (level 10, -13/70 HPs)
             Began as a Formicid Fighter on Feb 7, 2018.
             Was a Priest of Zin.
             Mangled by a two-headed ogre
             ... wielding a +0 giant club
              (28 damage)
             ... on level 7 of the Dungeon.
             The game lasted 00:24:40 (9971 turns).

shakethe the Cleaver (Formicid Fighter)             Turns: 9971, Time: 00:24:41

Health: -13/70     AC:  9    Str: 21    XL:     10   Next: 65%
Magic:  14/14      EV:  9    Int:  8    God:    Zin [***...]
Gold:   522        SH: 12    Dex: 16    Spells: 9/9 levels left

rFire    . . .     SeeInvis +   a - +0 war axe
rCold    . . .     Gourm    .   c - +0 shield
rNeg     . . .     Faith    .   b - +0 scale mail
rPois    .         Spirit   .   (helmet unavailable)
rElec    .         Reflect  .   (no cloak)
rCorr    .         Harm     .   (no gloves)
MR       +....                  t - +0 pair of boots
Stlth    ..........             C - amulet of magic regeneration
HPRegen  0.21/turn              m - +3 ring of dexterity
MPRegen  0.39/turn              v - +1 ring of protection

@: reciting
A: permanent stasis, dig shafts and tunnels, four strong arms, antennae 3
a: Dig, Shaft Self, Recite, Vitalisation, Imprison, Donate Gold, Renounce
Religion


You were on level 7 of the Dungeon.
You worshipped Zin.
Zin was most pleased with you.
You were hungry.

You visited 2 branches of the dungeon, and saw 9 of its levels.

You collected 580 gold pieces.
You donated 58 gold pieces to Zin.

Inventory:

Hand Weapons
 a - a +0 war axe (weapon)
Armour
 b - a +0 scale mail (worn)
 c - a +0 shield (worn)
 t - a +0 pair of boots (worn)
Jewellery
 m - a +3 ring of dexterity (left hand)
 v - a +1 ring of protection (right hand)
 C - an amulet of magic regeneration (around neck)
Wands
 x - a wand of random effects (30)
Scrolls
 e - 7 scrolls of remove curse {unknown}
 g - 2 scrolls of random uselessness {unknown}
 h - 4 scrolls of teleportation {unknown}
 i - 3 scrolls of immolation {unknown}
 j - a scroll of fear {unknown}
 q - 4 scrolls of identify {unknown}
 s - 2 scrolls of enchant armour {unknown}
 u - a scroll of blinking {unknown}
 y - a scroll of magic mapping {unknown}
 A - a scroll of amnesia {unknown}
Potions
 d - a potion of degeneration {unknown}
 k - 3 potions of mutation {unknown}
 l - 6 potions of curing {unknown}
 n - a potion of magic {unknown}
 o - 3 potions of brilliance {unknown}
 p - 2 potions of flight {unknown}
 r - a potion of berserk rage {unknown}
 w - a potion of ambrosia {unknown}
 z - a potion of resistance {unknown}
Comestibles
 f - 8 rations


   Skills:
 - Level 3.2 Fighting
 * Level 12.0 Axes
 - Level 3.2 Armour
 - Level 9.0 Shields
 + Level 6.1 Invocations


You had 9 spell levels left.
You didn't know any spells.

Dungeon Overview and Level Annotations

Branches:
Dungeon (8/15)             Temple (1/1) D:6
   Lair: D:8-11

Altars:
Dithmenos
Elyvilon
Hepliaklqana
Kikubaaqudgha
Makhleb
Nemelex Xobeh
Okawaru
Qazlal
Trog
Vehumet
Zin
The Shining One


Innate Abilities, Weirdness & Mutations

You cannot be hasted, slowed, berserked, paralysed or teleported.
You can dig through walls and to a lower floor.
Your four strong arms can wield two-handed weapons with a shield.
You have a pair of large antennae on your head. (SInv)


Message History

Press: ? - help, Dir - move target cursor, f/p - two-headed ogre
Aim: a two-headed ogre, wielding a giant club and a dire flail You fail to use your ability.
The goblin hits you but does no damage. You block the goblin's attack. x2
You block the goblin's attack. The goblin hits you but does no damage.
The goblin misses you. The goblin barely misses you.
You block the goblin's attack. You block the goblin's attack.
The two-headed ogre closely misses you. x2
You clear your throat and prepare to recite. "In a great set of silver scales are weighed the..."
The goblin is dazed by your recitation. You block the goblin's attack.
The two-headed ogre hits you with a giant club!
* * * LOW HITPOINT WARNING * * *
The two-headed ogre barely misses you. "...souls of the hordes of the Abyss, and with their chaotic..."
The goblin is dazed by your recitation.
The goblin shouts!
The two-headed ogre hits you with a giant club!!
You die...

.........##..........#.####
....##.#.##.......####.#
.##.##.#.##.......####.#
....##.................#
.##.########≈≈.≈≈#######
.##.# #g≈.≈g# .##.# #≈≈.≈≈#
....# #..8O.# ...## #.8_8@#
...# #..8..# ...# ########
...# #.# ...# #.# ####
###.# #...# #.### #.#


You could see a two-headed ogre and 2 goblins.

Vanquished Creatures
  The ghost of Frank the Carver, a novice OpFi of Wu Jian (D:8)
  Pikel (D:5)
  Prince Ribbit (D:5)
  A spriggan (D:8)
  Grum (D:8)
  A sky beast (D:6)
  3 ice beasts
  3 phantoms
  2 black bears
  2 ogres
  An eye of draining (D:8)
  A necrophage (D:8)
  2 wolves
  3 centaurs
  A big kobold (D:6)
  Blork the orc (D:6)
  5 bullfrogs
  A wyvern skeleton (D:8)
  A howler monkey (D:4)
  3 crimson imps
  A centaur zombie (D:5)
  A quasit (D:7)
  A hound (D:8)
  2 jellies
  3 bullfrog zombies
  A centaur skeleton (D:8)
  A gnoll shaman (D:8)
  A bullfrog skeleton (D:7)
  2 iguanas
  Terence (D:2)
  2 orc wizards (D:7)
  Natasha (D:3)
  2 worker ants (D:6)
  Robin (D:2)
  10 adders
  8 gnolls
  2 shadow imps (D:7)
  An ooze (D:4)
  An adder zombie (D:8)
  An adder skeleton (D:6)
  A worm (D:3)
  A dart slug (D:1)
  3 leopard geckos (D:1)
  13 orcs
  7 giant cockroaches
  13 goblins
  6 hobgoblins
  6 jackals
  4 quokkas
  2 ball pythons
  A bat (D:2)
  5 frilled lizards
  5 kobolds
  2 quokka zombies (D:5)
  8 rats
155 creatures vanquished.

Vanquished Creatures (others)
  3 slaves (D:5)
  An ooze (D:5)
4 creatures vanquished.

Grand Total: 159 creatures vanquished

Notes
Turn   | Place    | Note
-------+----------+-------------------------------------------
     0 | D:1      | shakethe the Formicid Fighter began the quest for the Orb.
     0 | D:1      | Reached XP level 1. HP: 18/18 MP: 1/1
    58 | D:1      | Reached XP level 2. HP: 19/24 MP: 2/2
   414 | D:1      | Reached XP level 3. HP: 24/29 MP: 3/3
   416 | D:1      | Reached skill level 3 in Axes
   748 | D:2      | Noticed Terence
   762 | D:2      | Killed Terence
   762 | D:2      | Reached XP level 4. HP: 29/35 MP: 4/4
   858 | D:2      | Noticed Robin
  1111 | D:2      | Killed Robin
  1301 | D:2      | Reached skill level 4 in Axes
  1564 | D:2      | Reached XP level 5. HP: 41/41 MP: 5/5
  2412 | D:3      | Found a sparkling altar of Nemelex Xobeh.
  2416 | D:3      | Noticed Natasha
  2425 | D:3      | Killed Natasha
  2425 | D:3      | Reached skill level 5 in Shields
  2614 | D:4      | Reached XP level 6. HP: 44/47 MP: 6/6
  2638 | D:4      | Noticed a phantom
  2695 | D:4      | Killed a phantom
  2695 | D:4      | Reached skill level 5 in Axes
  2896 | D:4      | Found a bloodstained altar of Trog.
  2948 | D:4      | Found a stormy altar of Qazlal.
  3466 | D:5      | Entered Level 5 of the Dungeon
  3477 | D:5      | Noticed Prince Ribbit
  4079 | D:5      | Reached XP level 7. HP: 48/52 MP: 7/7
  4095 | D:5      | Reached skill level 6 in Axes
  4230 | D:5      | Found a hazy altar of Hepliaklqana.
  4235 | D:5      | Found an ancient bone altar of Kikubaaqudgha.
  4237 | D:5      | Found a burning altar of Makhleb.
  4548 | D:5      | Noticed Pikel
  4558 | D:5      | Killed Pikel
  4558 | D:5      | Reached skill level 7 in Axes
  4558 | D:5      | Reached XP level 8. HP: 22/58 MP: 8/8
  5042 | D:5      | Reached skill level 8 in Axes
  5102 | D:5      | Found a radiant altar of Vehumet.
  5471 | D:5      | You fall through a shaft!
  6168 | D:5      | Killed Prince Ribbit
  6168 | D:5      | Reached XP level 9. HP: 28/64 MP: 9/9
  6431 | D:6      | Reached skill level 9 in Axes
  6443 | D:6      | Noticed Blork the orc
  6460 | D:6      | Killed Blork the orc
  6727 | D:6      | Found a glowing golden altar of the Shining One.
  7086 | D:6      | Found a staircase to the Ecumenical Temple.
  7179 | Temple   | Entered the Ecumenical Temple
  7231 | Temple   | Became a worshipper of Zin the Law-Giver
  7231 | Temple   | Reached * piety under Zin
  7762 | D:7      | Reached ** piety under Zin
  8003 | D:7      | Reached skill level 10 in Axes
  8003 | D:7      | Reached skill level 1 in Invocations
  8163 | D:7      | Found an iron altar of Okawaru.
  8447 | D:7      | Reached *** piety under Zin
  8717 | D:7      | Reached XP level 10. HP: 70/70 MP: 12/12
  9014 | D:8      | Noticed Grum
  9016 | D:8      | Reached skill level 11 in Axes
  9027 | D:8      | HP: 2/70 [wolf[Grum] (2)]
  9356 | D:8      | Killed Grum
  9610 | D:8      | Reached skill level 5 in Invocations
  9841 | D:8      | Noticed Frank's ghost (novice OpFi)
  9886 | D:8      | Noticed a two-headed ogre
  9889 | D:8      | Killed Frank's ghost
  9889 | D:8      | Reached skill level 12 in Axes
  9971 | D:7      | Mangled by a two-headed ogre

Skill      XL: |  1  2  3  4  5  6  7  8  9 10 |
---------------+-------------------------------+-----
Shields        | 4 5 7 8 9 |  9.0
Axes           | 3 4 5 7 8 10 12 | 12.0
Invocations    | 3 6 |  6.1
Fighting       | |  3.2
Armour         | |  3.2

Action                   |  1- 3 |  4- 6 |  7- 9 | 10-12 || total
-------------------------+-------+-------+-------+-------++-------
Melee: War axe           |    59 |   210 |   360 |   121 ||   750
Invok: Vitalisation      |       |       |       |     3 ||     3
       Recite            |       |       |       |     1 ||     1
 Abil: Dig               |       |       |     1 |       ||     1
  Use: Potion            |       |       |     1 |       ||     1
  Eat: Chunk             |       |     7 |     3 |     2 ||    12
       Ration            |       |     1 |     3 |     1 ||     5
Armor: Scale mail        |    13 |    75 |    94 |    39 ||   221
Dodge: Dodged            |    26 |    62 |    93 |    44 ||   225
Block: Shield            |    36 |   106 |   195 |    85 ||   422
